 Dungeon Crawl Stone Soup version 0.28.0 (webtiles) character file.

Game seed: 3356583370588369543

20869 funkygono the Thaumaturge (level 12, -4/64 HPs)
             Began as a Gargoyle Fire Elementalist on Feb 10, 2022.
             Was an Elder of Vehumet.
             Slain by a minotaur (13 damage)
             ... in a Gauntlet on Feb 11, 2022.
             The game lasted 00:51:18 (17044 turns).

funkygono the Thaumaturge (GrFE)                   Turns: 17044, Time: 00:51:18

Health: -4/64      AC: 24    Str: 19    XL:     12   Next: 84%
Magic:  24/43      EV: 12    Int: 20    God:    Vehumet [****..]
Gold:   1521       SH:  0    Dex: 10    Spells: 15/35 levels left

rFire   + . .      SeeInvis +   v - +4 morningstar
rCold   . . .      Faith    .   (no shield)
rNeg    + . .      Spirit   .   x - +3 steam dragon scales
rPois   ∞          Reflect  .   o - +1 helmet
rElec   +          Harm     .   m - +1 cloak
rCorr   .          Rampage  .   r - +1 pair of gloves {Str+3}
Will    .....      NoTele   +   N - +1 pair of boots
Stlth   ++........              e - amulet of the acrobat
HPRegen 0.20/turn               s - ring of magical power
MPRegen 0.28/turn               u - ring of Honeucov {rElec rF+ MP+9 Str+3 SInv}

@: no status effects
A: sickness immunity, AC +8, negative energy resistance 1, electricity
resistance, torment resistance 1, petrification resistance, low MP 1, no potion
heal 1
a: Renounce Religion


You were in a Gauntlet.
You worshipped Vehumet.
Vehumet was greatly pleased with you.
You visited 3 branches of the dungeon, and saw 13 of its levels.
You also visited: Bailey and Gauntlet.

You collected 1603 gold pieces.
You spent 82 gold pieces at shops.

Inventory:

Hand Weapons
 j - a +0 whip of flaming
 v - a +4 morningstar (weapon)
 E - a +2 whip of freezing
Missiles
 c - 466 stones
Armour
 m - a +1 cloak (worn)
 n - a +0 pair of boots of flying
 o - a +1 helmet (worn)
 r - a +1 pair of gloves of strength (worn)
 x - +3 steam dragon scales (worn)
 G - a +2 pair of gloves of hurling
 N - a +1 pair of boots (worn)
Magical Staves
 y - a staff of fire
 B - a staff of conjuration
Jewellery
 a - a ring of flight
 e - an amulet of the acrobat (around neck)
 k - a +6 ring of dexterity
 s - a ring of magical power (left hand)
 u - the ring of Honeucov (right hand) {rElec rF+ MP+9 Str+3 SInv}
   (You found it on level 5 of the Dungeon)

   [ring of protection from fire]

   Str:       It affects your strength (+3).
   rF:        It protects you from fire.
   rElec:     It insulates you from electricity.
   MP:        It affects your magic capacity (+9).
   SInv:      It lets you see invisible.
 I - a ring of wizardry
 K - an amulet of reflection
 R - the amulet of Bilih {Acrobat Fly rF- rN++ Regen+}
   (You found it on level 9 of the Dungeon)

   [amulet of the acrobat]

   It increases your evasion while moving and waiting.
   rF:        It makes you vulnerable to fire.
   rN:        It greatly protects you from negative energy.
   Fly:       It grants you flight.
   Regen:     It increases your rate of health regeneration.
 W - a ring of fire
Wands
 b - a wand of paralysis (8)
 l - a wand of acid (6)
 L - a wand of iceblast (10)
 O - a wand of flame (18) (quivered)
Scrolls
 f - a scroll of identify
 g - a scroll of blinking
 i - a scroll of enchant armour
 p - 7 scrolls of teleportation
 q - a scroll of fear {unknown}
 J - a scroll of fog
 U - a scroll of magic mapping
Potions
 d - 7 potions of curing
 h - 2 potions of heal wounds
 w - a potion of invisibility
 A - a potion of mutation
 D - 2 potions of cancellation
 S - 4 potions of ambrosia
 T - a potion of haste


   Skills:
 + Level 2.6 Fighting
 + Level 0.8(0.9) Maces & Flails
 + Level 0.1(0.5) Staves
 + Level 3.8 Dodging
 - Level 2.1 Stealth
 + Level 12.2 Spellcasting
 + Level 10.4 Conjurations
 + Level 11.6 Fire Magic
 + Level 6.6 Earth Magic


You had 15 spell levels left.
You knew the following spells:

 Your Spells              Type           Power      Damage    Failure   Level
a - Foxfire               Conj/Fire      100%       2x1d9     1%          1
b - Scorch                Fire           100%       2d10      1%          2
c - Conjure Flame         Conj/Fire      54%        6-21      1%          3
d - Flame Wave            Conj/Fire      54%        2d11      1%          4
e - Freeze                Ice            48%        1d7       1%          1
f - Sandblast             Erth           78%        2d17      1%          1
g - Stone Arrow           Conj/Erth      92%        3d12      1%          3
h - Fireball              Conj/Fire      27%        3d12      1%          5

Your spell library contained the following spells:

 Spells                   Type           Power      Damage    Failure   Level
 Inner Flame              Hex/Fire       35%        N/A       1%          3
 Animate Skeleton         Necr           24%        N/A       5%          1
 Apportation              Tloc           24%        N/A       5%          1
 Beastly Appendage        Tmut           24%        N/A       5%          1
 Summon Small Mammal      Summ           48%        N/A       5%          1
 Iron Shot                Conj/Erth      23%        9d5       7%          6
 Wereblood                Tmut           12%        N/A       9%          2
 Animate Armour           Summ/Erth      50%        N/A       14%         4
 Leda's Liquefaction      Hex/Erth       12%        N/A       14%         4
 Call Canine Familiar     Summ           12%        N/A       17%         3
 Gell's Gravitas          Tloc           12%        N/A       17%         3
 Lesser Beckoning         Tloc           12%        N/A       17%         3
 Portal Projectile        Hex/Tloc       24%        N/A       17%         3
 Spider Form              Tmut/Pois      12%        N/A       17%         3
 Teleport Other           Tloc           12%        N/A       17%         3
 Blade Hands              Tmut           6%         N/A       83%         5


Dungeon Overview and Level Annotations

Branches:
Dungeon (10/15)            Temple (1/1) D:4            Lair (2/6) D:8
  Snake (0/4) Lair:2          Orc (0/2) D:10         Bailey (visited)
Gauntlet (1/1)
  Swamp: Lair:2-4    Shoals: Lair:2-4

Altars:
Ashenzari
Cheibriados
Dithmenos
Elyvilon
Fedhas
Gozag
Hepliaklqana
Kikubaaqudgha
Makhleb
Nemelex Xobeh
Okawaru
Qazlal
Ru
Sif Muna
Trog
Uskayaw
Vehumet
Wu Jian
Xom
Yredelemnul
Zin
The Shining One

Shops:
D:3 *

Annotations:
Gauntlet 4 transporters, exclusion: orange crystal statue


Innate Abilities, Weirdness & Mutations

You are immune to sickness and miasma.
Your stone body is resilient. (AC +8)
You are immune to poison.
You resist negative energy. (rN+)
You are resistant to electric shocks. (rElec)
You are resistant to unholy torment.
You are immune to petrification.
Your magical capacity is low. (-10% MP)
Potions are less effective at restoring your health.


Message History

Aim: a minotaur, wielding a +0 bardiche, wearing the +5 ring mail of the Barber Surgeon {rN++ Str-5}, wearing the amulet "Ywnat" {Acrobat rPois rCorr} and quivering silver javelins (lightly wounded, 82% to hit)
The stone arrow hits the minotaur!!
The minotaur is moderately wounded.
The minotaur closely misses you.
Casting: Stone Arrow (safe; 1% risk of failure)
Confirm with . or Enter, or press ? or * to list all spells.
Aiming: Stone Arrow (safe; 1% risk of failure)
Press: ? - help, Shift-Dir - straight line, f/p - minotaur
Aim: a minotaur, wielding a +0 bardiche, wearing the +5 ring mail of the Barber Surgeon {rN++ Str-5}, wearing the amulet "Ywnat" {Acrobat rPois rCorr} and quivering silver javelins (moderately wounded, 82% to hit)
The stone arrow hits the minotaur!
The minotaur is heavily wounded.
The minotaur hits you from afar with a +0 bardiche!!
Ouch! That really hurt!
Casting: Stone Arrow (safe; 1% risk of failure)
Confirm with . or Enter, or press ? or * to list all spells.
Aiming: Stone Arrow (safe; 1% risk of failure)
Press: ? - help, Shift-Dir - straight line, f/p - minotaur
Aim: a minotaur, wielding a +0 bardiche, wearing the +5 ring mail of the Barber Surgeon {rN++ Str-5}, wearing the amulet "Ywnat" {Acrobat rPois rCorr} and quivering silver javelins (heavily wounded, 82% to hit)
The stone arrow hits the minotaur but does no damage.
The minotaur is heavily wounded.
The minotaur hits you from afar with a +0 bardiche!
Casting: Stone Arrow (safe; 1% risk of failure)
Confirm with . or Enter, or press ? or * to list all spells.
You can't see any susceptible monsters within range! (Use Z to cast anyway.)
There are no items here.
Unknown command.
Unknown command.
Casting: Stone Arrow (safe; 1% risk of failure)
Confirm with . or Enter, or press ? or * to list all spells.
Aiming: Stone Arrow (safe; 1% risk of failure)
Press: ? - help, Shift-Dir - straight line, f/p - minotaur
Aim: a minotaur, wielding a +0 bardiche, wearing the +5 ring mail of the Barber Surgeon {rN++ Str-5}, wearing the amulet "Ywnat" {Acrobat rPois rCorr} and quivering silver javelins (heavily wounded, 82% to hit)
The stone arrow hits the minotaur!
The minotaur is heavily wounded.
The minotaur hits you from afar with a +0 bardiche!!
* * * LOW HITPOINT WARNING * * *
Your system partially rejects the healing.
You feel much better.
The minotaur hits you from afar with a +0 bardiche!
You die...

#8.8# # #/.[#### ###8 #8.8#.8###
... #...#....# # #.. 8.8#..#.#
#.#..##'##..#.# #....§H.......#
#.#.##.#§##.#.# #.#..@.#....#.#
###.#.#######.#.###
#≈...............≈#
####8.8.8..©.©..8.8§8#### #
#8##≈...............≈##8# #
##############################
#≈............≈∩≈.............
#.............................
###..###########...###########..


You could see a minotaur.

Vanquished Creatures
  Erica (Lair:1)
  A hydra (Lair:1)
  2 two-headed ogres
  A tengu warrior (Gauntlet)
  Pikel (D:6)
  An orc knight (Bailey)
  A cyclops (D:10)
  Joseph (D:9)
  An elephant (D:8)
  4 cane toads (Lair:1)
  Maggie (D:6)
  A komodo dragon (Lair:1)
  An efreet (D:9)
  A tengu conjurer (Gauntlet)
  A queen bee (D:10)
  2 trolls
  Grinder (D:6)
  A hornet (Lair:1)
  10 blink frogs (Lair:1)
  4 slime creatures (D:9)
  A raiju (Gauntlet)
  2 wraiths
  A wyvern (Lair:1)
  12 yaks
  2 neqoxecs (Gauntlet)
  4 steam dragons
  5 chaos spawn (Gauntlet)
  A warg (D:10)
  6 water moccasins
  10 orc warriors (Bailey)
  A sky beast (D:7)
  3 black bears
  An ice beast (D:5)
  3 ogres
  A necrophage (D:4)
  5 wolves (Lair:2)
  4 centaurs
  A phantom (D:6)
  A kobold brigand (D:9)
  3 bullfrogs
  3 scorpions
  A water moccasin zombie (D:6)
  2 water moccasin skeletons
  23 killer bees
  3 howler monkeys (D:8)
  2 electric eels (Lair:2)
  A bullfrog zombie (D:7)
  2 centaur zombies
  7 orc priests
  Crazy Yiuf (D:2)
  3 gnoll shamans
  A jelly (D:8)
  Terence (D:1)
  A centaur skeleton (D:5)
  Natasha (thrice) (D:3)
  An iguana (D:6)
  9 orc wizards
  A killer bee zombie (D:7)
  A hound skeleton (D:4)
  2 howler monkey skeletons
  25 gnolls
  8 adders
  A white imp (D:6)
  An adder skeleton (D:4)
  2 worms
  42 orcs
  8 ball pythons
  6 endoplasms
  A giant cockroach (D:1)
  12 goblins
  10 hobgoblins
  10 jackals
  2 quokkas
  7 bats
  3 frilled lizards (D:1)
  13 kobolds
  6 rats
  5 bushes (Lair:1)
334 creatures vanquished.

Vanquished Creatures (collateral kills)
  A foxfire (Lair:2)
1 creature vanquished.

Vanquished Creatures (others)
  1115 foxfires
  11 fungi
  33 plants
1159 creatures vanquished.

Grand Total: 1494 creatures vanquished

Notes
Turn   | Place    | Note
-------+----------+-------------------------------------------
     0 | D:1      | funkygono the Gargoyle Fire Elementalist began the quest
                  | for the Orb.
     0 | D:1      | Reached XP level 1. HP: 10/10 MP: 3/3
   342 | D:1      | Reached XP level 2. HP: 15/15 MP: 0/5
   347 | D:1      | Learned a level 2 spell: Scorch
  1030 | D:1      | Reached XP level 3. HP: 19/19 MP: 1/6
  1034 | D:1      | Learned a level 3 spell: Conjure Flame
  1403 | D:1      | Found a faded altar of an unknown god.
  1917 | D:2      | Noticed Terence
  2234 | D:1      | Killed Terence
  2235 | D:1      | Reached XP level 4. HP: 17/24 MP: 0/8
  2536 | D:2      | Found a runed translucent door.
  2537 | D:2      | Noticed Crazy Yiuf
  2543 | D:2      | Killed Crazy Yiuf
  2544 | D:2      | Reached skill level 3 in Spellcasting
  2544 | D:2      | Reached XP level 5. HP: 19/28 MP: 2/9
  2648 | D:2      | Found a shimmering altar of Xom.
  3221 | D:3      | Noticed Natasha
  3225 | D:3      | Reached XP level 6. HP: 32/32 MP: 3/11
  3229 | D:3      | Killed Natasha
  3550 | D:3      | Noticed Natasha
  3554 | D:3      | Killed Natasha
  3689 | D:3      | Found Rehocup's General Store.
  3705 | D:3      | Bought a scroll of enchant armour for 82 gold pieces
  3879 | D:3      | Reached skill level 4 in Spellcasting
  3960 | D:3      | Noticed Natasha
  3965 | D:3      | Killed Natasha
  3966 | D:3      | Reached skill level 5 in Fire Magic
  4588 | D:3      | Learned a level 4 spell: Flame Wave
  4898 | D:4      | Found a staircase to the Ecumenical Temple.
  4906 | Temple   | Entered the Ecumenical Temple
  4927 | Temple   | Became a worshipper of Vehumet
  5397 | D:4      | Noticed a necrophage
  5406 | D:4      | Killed a necrophage
  5407 | D:4      | Reached XP level 7. HP: 37/37 MP: 13/13
  5545 | D:4      | Found a sacrificial altar of Ru.
  5857 | D:5      | Entered Level 5 of the Dungeon
  6069 | D:5      | Reached skill level 5 in Spellcasting
  6069 | D:5      | Identified the ring of Honeucov {rElec rF+ MP+9 Str+3 SInv}
  6163 | D:5      | Reached XP level 8. HP: 42/42 MP: 15/15
  6575 | D:6      | Noticed Maggie
  6586 | D:6      | Killed Maggie
  6587 | D:6      | Reached skill level 6 in Spellcasting
  6968 | D:6      | Reached * piety under Vehumet
  6968 | D:6      | Offered knowledge of Freeze by Vehumet.
  6969 | D:6      | Reached skill level 5 in Conjurations
  7153 | D:6      | Noticed Grinder
  7159 | D:6      | Paralysed by Grinder for 7 turns
  7168 | D:6      | Killed Grinder
  7169 | D:6      | Reached XP level 9. HP: 32/46 MP: 19/19
  7281 | D:6      | Noticed Pikel
  7286 | D:6      | Killed Pikel
  7287 | D:6      | Reached skill level 7 in Spellcasting
  7498 | D:6      | Learned a level 1 spell: Freeze
  7813 | D:7      | Noticed a troll
  7818 | D:7      | Killed a troll
  8029 | D:7      | Reached skill level 8 in Spellcasting
  8060 | D:7      | Reached skill level 1 in Fighting
  8080 | D:7      | Offered knowledge of Sandblast by Vehumet.
  8097 | D:7      | Reached ** piety under Vehumet
  8103 | D:7      | Reached XP level 10. HP: 37/52 MP: 22/22
  8530 | D:7      | Learned a level 1 spell: Sandblast
  8676 | D:8      | Found a staircase to the Lair.
  8677 | D:8      | Noticed an elephant
  8716 | D:8      | Killed an elephant
  9029 | D:8      | Found a flagged portal.
  9100 | Bailey   | Entered a bailey
  9278 | Bailey   | Reached skill level 9 in Spellcasting
  9709 | Bailey   | Offered knowledge of Stone Arrow by Vehumet.
  9930 | Bailey   | Reached skill level 10 in Fire Magic
 10011 | Bailey   | Noticed an orc knight
 10065 | Bailey   | Killed an orc knight
 10462 | D:8      | Learned a level 3 spell: Stone Arrow
 10799 | D:8      | Reached *** piety under Vehumet
 11061 | D:9      | Reached XP level 11. HP: 56/56 MP: 24/24
 11086 | D:9      | Reached skill level 1 in Earth Magic
 11310 | D:9      | Noticed Joseph
 11319 | D:9      | Killed Joseph
 11320 | D:9      | Reached skill level 10 in Spellcasting
 11492 | D:9      | Identified the amulet of Bilih {Acrobat Fly rF- rN++
                  | Regen+}
 12139 | D:9      | Noticed a two-headed ogre
 12159 | D:9      | Killed a two-headed ogre
 12308 | D:10     | Entered Level 10 of the Dungeon
 12505 | D:10     | Offered knowledge of Ignite Poison by Vehumet.
 12710 | D:10     | Noticed a two-headed ogre
 12718 | D:10     | Killed a two-headed ogre
 12750 | D:10     | Noticed a cyclops
 12760 | D:10     | Killed a cyclops
 12765 | D:10     | Reached skill level 11 in Spellcasting
 13082 | D:10     | Reached **** piety under Vehumet
 13105 | D:10     | Found a staircase to the Orcish Mines.
 13112 | D:10     | Offered knowledge of Fireball by Vehumet.
 13529 | D:10     | Learned a level 5 spell: Fireball
 13909 | Lair:1   | Entered Level 1 of the Lair of Beasts
 13910 | Lair:1   | Noticed Erica
 13923 | Lair:1   | Killed Erica
 13940 | Lair:1   | Reached XP level 12. HP: 62/62 MP: 20/27
 13958 | Lair:1   | Reached skill level 5 in Earth Magic
 15030 | Lair:1   | Noticed a six-headed hydra
 15045 | Lair:1   | Killed a six-headed hydra
 15915 | Lair:1   | Reached skill level 12 in Spellcasting
 15915 | Lair:1   | Reached skill level 10 in Conjurations
 16342 | Lair:1   | Identified a scroll of acquirement
 16342 | Lair:1   | Acquired 703 gold pieces
 16463 | Lair:2   | Found a gate leading to a gauntlet.
 16469 | Gauntlet | Entered a Gauntlet
 16469 | Gauntlet | Noticed a tengu warrior
 16469 | Gauntlet | Found a transporter.
 16469 | Gauntlet | Found a transporter.
 16470 | Gauntlet | Found a transporter.
 16470 | Gauntlet | Noticed a hell hog
 16473 | Gauntlet | Found a transporter.
 16473 | Gauntlet | Found a transporter.
 16484 | Gauntlet | Found a transporter.
 16486 | Gauntlet | Found a transporter.
 16501 | Gauntlet | Found a transporter.
 16502 | Gauntlet | Found a transporter.
 16581 | Gauntlet | Found a transporter.
 16597 | Gauntlet | Found a transporter.
 16613 | Gauntlet | Found a transporter.
 16616 | Gauntlet | Found the -2 hat of the Alchemist {rElec rPois rF+ rC+ rN+
                  | Will+ rMut rCorr}
 16831 | Gauntlet | Killed a tengu warrior
 16946 | Gauntlet | Gained mutation: Your magical capacity is low. (-10% MP) [a
                  | neqoxec]
 16950 | Gauntlet | Gained mutation: Potions are less effective at restoring
                  | your health. [a neqoxec]
 17032 | Gauntlet | Identified the +5 ring mail of the Barber Surgeon {rN++
                  | Str-5}
 17032 | Gauntlet | Identified the amulet "Ywnat" {Acrobat rPois rCorr}
 17032 | Gauntlet | Noticed a minotaur
 17043 | Gauntlet | HP: 1/64 [minotaur (20)]
 17044 | Gauntlet | Slain by a minotaur

Illustrated notes

Levels and vault maps discovered:
D:1:      dpeg_arrival_arbitrary_b, layout_basic,
          ebering_ecumenical_altar_ruins, chequers_serial_rivers_large_b,
          grunt_decor_fettered, hex_medium
D:2:      layout_rooms, basic_altar, glass_columns_c, uniq_terence,
          uniq_crazy_yiuf_cottage
D:3:      layout_rooms, serial_shops, shop_statue, minmay_surrounded,
          uniq_natasha
D:4:      layout_basic, hangedman_ru_absence, minmay_temple_entry_crystal_x,
          dk_rats_in_the_wall
D:5:      nicolae_cairo_tiling_large_dashed, layout_basic
D:6:      layout_rooms, uniq_grinder, uniq_maggie, uniq_pikel
D:7:      layout_loops_corners
D:8:      layout_gridville, david_lair_generic, enter_bailey_5
D:9:      layout_loops_corners, uniq_joseph
D:10:     layout_basic, erik_orc_3, special_room [special_room_bee],
          lightli_fourway_metalbox
Temple:   compressed_dpeg_triangle_lava_temple
Lair:1:   wad_woods_structure_01, layout_regular_city, uniq_erica
Lair:2:   layout_loops_ring, dummy_snake_entry, gauntlet_entry_generic,
          serial_bayou_shore_a
Gauntlet: gammafunk_gauntlet_shortcut [nicolae_gauntlet_swirl,
          gammafunk_gauntlet_arena_grid, gammafunk_gauntlet_arena_mazey,
          gammafunk_gauntlet_arena_split_diamond,
          gammafunk_gauntlet_arena_split_x, gammafunk_gauntlet_arena_corners,
          nicolae_gauntlet_exit_dead_adventurers]

Skill      XL: |  1  2  3  4  5  6  7  8  9 10 11 12 |
---------------+-------------------------------------+-----
Conjurations   | 2 3 4 5 6 7 9 10 | 10.4
Fire Magic     | 4 5 7 9 10 11 | 11.6
Spellcasting   | 3 4 5 6 8 9 11 12 | 12.2
Dodging        | 2 3 |  3.8
Fighting       | 1 2 |  2.6
Earth Magic    | 4 6 |  6.6
Maces & Flails | |  0.8
Staves         | |  0.1
Stealth        | |  2.1

Action                   |  1- 3 |  4- 6 |  7- 9 | 10-12 || total
-------------------------+-------+-------+-------+-------++-------
Melee: Club              |     8 |       |       |       ||     8
       Whip              |     4 |    30 |       |       ||    34
       Punch             |     1 |       |       |     1 ||     2
       Mace              |       |     2 |     3 |     5 ||    10
       Staff             |       |       |       |    19 ||    19
       Morningstar       |       |       |       |    25 ||    25
 Cast: Foxfire           |    72 |    95 |   157 |   343 ||   667
       Scorch            |     6 |     9 |    53 |    71 ||   139
       Flame Wave        |       |       |       |    23 ||    23
       Conjure Flame     |       |       |       |     2 ||     2
       Sandblast         |       |       |       |     6 ||     6
       Stone Arrow       |       |       |       |    59 ||    59
       Fireball          |       |       |       |    30 ||    30
  Use: Scroll            |       |     9 |     9 |    13 ||    31
       Potion            |       |       |       |     1 ||     1
Armor: Robe              |    17 |    26 |     2 |       ||    45
       Steam dragon scal |       |       |    19 |   154 ||   173
Dodge: Dodged            |    31 |    16 |    35 |   216 ||   298
